[Event "Early-Titled-Tuesday-Blitz-February-20-2024"]
[Site "Chess.com"]
[Date "2024.02.20"]
[Round "3"]
[White "rcmz"]
[Black "Kotofeyca"]
[Result "0-1"]
[WhiteElo "2175"]
[BlackElo "2404"]
[TimeControl "180+1"]
[EndTime "8:29:58 PST"]
[Termination "Kotofeyca won on time"]

1. b4 d5 2. Bb2 Bg4 3. h3 Bh5 4. Nf3 Bxf3 5. gxf3 e6 6. e3 Nf6 7. a3 a5 8. b5 Nbd7 9. f4 Nb6 10. d3 g6 11. Be2 Bg7 12. Nd2 O-O 13. a4 Nfd7 14. Bxg7 Kxg7 15. Nb3 Qf6 16. d4 Nc4 17. Bxc4 dxc4 18. Nd2 Nb6 19. Qf3 Qf5 20. e4 Qf6 21. c3 Qe7 22. h4 f5 23. h5 fxe4 24.
Qxe4 Nd5 25. hxg6 hxg6 26. Qe5+ Qf6 27. Nxc4 Nxf4 28. O-O-O Ne2+ 29. Qxe2 c6 30. b6 Rad8 31.
Qe5 Rd5 32. Qxf6+ Rxf6 33. Rd2 Rf3 34. Kc2 c5 35. Ne3 Rg5 36. dxc5 Rxc5 37. Rd7+ Kf6 38. Rd2 Rc6 39. Rb1 Rf4 40. c4 g5 41. Rb5 g4 42.
Rxa5 Rxb6 43. Rb5 Rc6 44. Rxb7 Re4 45. Rb3 g3 46. fxg3 Rc5 47. Rf2+ Ke7 48. Rc3 Ra5 49. Ra3 Ree5 50. Rd2 Re4 51. g4 Ree5 52. Kd3 Rg5 53. Rb2 Rgc5 54. Rb5 Kf6 55. Rxc5 Rxc5 56. Kd4 Rc6 57. a5 Ra6 58. c5 Ke7 59. Ke5 Kd7 60.
Nc4 Kc6 61. Nd6 Kxc5 62. Ne4+ Kb4 63. Ra1 Kb5 64. g5 Ra8 65. g6 Ka6 0-1

[Event "Early-Titled-Tuesday-Blitz-February-20-2024"]
[Site "Chess.com"]
[Date "2024.02.20"]
[Round "3"]
[White "LiadCuba"]
[Black "MAGMAchess02"]
[Result "1-0"]
[WhiteElo "2507"]
[BlackElo "2232"]
[TimeControl "180+1"]
[EndTime "8:29:59 PST"]
[Termination "LiadCuba won on time"]

1. d4 d5 2. c4 e6 3. Nc3 c6 4.
Nf3 dxc4 5. g3 b5 6. Bg2 Bb7 7.
Ne5 Qb6 8. Be3 Nf6 9. O-O Nd5 10. a4 Nxe3 11. fxe3 f6 12. Nf3 Nd7 13. Nd2 Be7 14. Qb1 O-O 15. Qe4 e5 16. axb5 f5 17. Rxf5 Rxf5 18.
Qxf5 exd4 19. Nxc4 Qc5 20. Qe6+ Kh8 21. Ne4 Qd5 22. Ng5 Qxg5 23. Qxd7 Qxb5 24. Qxe7 Qxc4 25.
Qxb7 Rg8 26. Qxc6 Qxe2 27. exd4 Qxb2 28. Rf1 Qxd4+ 29. Kh1 a5 30. Qd5 Qxd5 31. Bxd5 Rd8 32. Be6 g6 33. Ra1 Rd6 34. Bc4 Rd4 35. Bb5 Rd5 36.
Rxa5 Kg7 37. Ra7+ Kh6 38. Be2 Rd2 39. Bf3 Rf2 40. Ra3 Kg5 41. Kg1 Rb2 42. Ra5+ Kf6 43. Ra6+ Kg5 44. Ra1 h5 45. Rf1 h4 46. Bg2 hxg3 47.
hxg3 Kg4 48. Kh2 g5 49. Rd1 Kh5 50. Rd4 Kg6 51. Kh3 Kf6 52. Bf3 Rf2 53. Kg4 Ke5 54.
Re4+ Kf6 55. Re2 Rf1 56. Bd5 Rd1 57. Re6+ Kg7 58. Rd6 Kf8 59. Kxg5 Ke7 60. Re6+ Kd7 61. Re5 Kd6 62. Rf5 Rg1 63. g4 Re1 64. Bf3 Re8 65.
Kf4 Rg8 66. g5 Ke7 67. Bh5 Ra8 68. g6 Ra4+ 69. Kg5 Ra1 70. g7 Rg1+ 71. Bg4 1-0

[Event "Early-Titled-Tuesday-Blitz-February-20-2024"]
[Site "Chess.com"]
[Date "2024.02.20"]
[Round "3"]
[White "Leonid_Starozhilov"]
[Black "Sanan_Sjugirov"]
[Result "0-1"]
[WhiteElo "2695"]
[BlackElo "2911"]
[TimeControl "180+1"]
[EndTime "8:30:09 PST"]
[Termination "Sanan_Sjugirov won by resignation"]

1. e4 c5 2. Nf3 Nc6 3. Bb5 e6 4. O-O Nge7 5. Re1 a6 6. Bxc6 Nxc6 7. d4 cxd4 8. Nxd4 Qc7 9. Nxc6 bxc6 10. e5 d5 11. exd6 Bxd6 12. Qh5 O-O 13. Nd2 e5 14. Nc4 f6 15. Be3 Be7 16. Nb6 Rb8 17. Nxc8 Qxc8 18.
b3 Qe6 19. Rad1 Bb4 20. Rf1 f5 21. f3 Rbd8 22. Qh4 Rxd1 23. Rxd1 f4 24. Bf2 e4 25. fxe4 Qxe4 26. Rd4 Qxc2 27. Rxb4 Qd1+ 28. Be1 Re8 29. Kf1 Qe2+ 30. Kg1 Qd1 31. Kf1 Qe2+ 32. Kg1 Qxe1+ 33. Qxe1 Rxe1+ 34. Kf2 Rc1 35. Ra4 Kf7 36. h4 Kf6 37. Kf3 Ke5 38. Re4+ Kd6 39. Rxf4 Rc3+ 40. Kg4 Rc2 41. Ra4 Rxg2+ 42. Kf3 Rh2 43. Kg3 Rc2 44.
Rxa6 Ke5 45. Ra7 Kf6 46. Kg4 Rc1 47. Ra6 g6 48. Kg3 Kf5 49. Ra5+ Kf6 50. Ra6 h6 51. b4 Rc3+ 52. Kg2 Kf5 53. Ra5+ Kg4 54. Rc5 Ra3 55. Rc4+ Kh5 56. Rxc6 Rxa2+ 57. Kg3 Ra3+ 58. Kf4 Rb3 59. Rb6 Rb1 60. Kg3 Rb2 61. Kf4 Rb3 62. Rb5+ Kxh4 63. Rb7 g5+ 64. Kf5 g4 65. Kg6 g3 66.
Kxh6 g2 67. Rg7 Rg3 68. b5 g1=Q 0-1

[Event "Early-Titled-Tuesday-Blitz-February-20-2024"]
[Site "Chess.com"]
[Date "2024.02.20"]
[Round "3"]
[White "TimAina"]
[Black "Bigfish1995"]
[Result "1-0"]
[WhiteElo "2794"]
[BlackElo "3166"]
[TimeControl "180+1"]
[EndTime "8:30:12 PST"]
[Termination "TimAina won by resignation"]

1. e4 c6 2. d4 d5 3. e5 Bf5 4. h4 a6 5. g4 Bd7 6. h5 c5 7. dxc5 Nc6 8. Bf4 e6 9. c3 Bxc5 10. Nf3 f6 11. b4 Bb6 12. g5 fxe5 13. h6 Nxh6 14. Nxe5 Nxe5 15. gxh6 Qf6 16. hxg7 Rg8 17.
Qh5+ Nf7 18. Bg3 Rxg7 19. Be2 O-O-O 20. Bh4 Qf4 21. Nd2 Rdg8 22. O-O-O Nd8 23. Bg3 Rxg3 24. fxg3 Rxg3 25. Kc2 Ba4+ 26. Nb3 Qe4+ 27. Bd3 Qf4 28. Kb1 Kb8 29. Qh4 Qc7 30. Qxh7 Qxc3 31. Bc2 Qxb4 32. Qh8 Bc7 33. Rh4 Qb5 34. Qd4 Bxb3 35. axb3 Rg8 36.
Rh7 Nc6 37. Qe3 Be5 38. Rh5 d4 39. Qd3 Qa5 40. Rf1 Nb4 41. Qe4 Rc8 42. Kc1 d3 43.
Qxe5+ Qxe5 44. Rxe5 Rxc2+ 45. Kd1 Na2 46. Rf8+ Ka7 47.
Rd8 Nc3+ 48. Ke1 Nd5 49. Rxe6 Nf4 50. Re4 Re2+ 51. Rxe2 dxe2 52. Rd4 Ne6 53. Rd5 Nc7 54. Rd3 Kb6 55. Kxe2 Nb5 56. Kd2 Kc5 57. Kc2 Nd4+ 58. Kc3 Nc6 59. Rh3 a5 60. Rh5+ Kb6 61. Kc4 Ka6 62. Rh6 Kb6 63. Rg6 Kc7 64. Kc5 b6+ 65.
Kb5 Nd4+ 66. Ka4 Kb7 67. Rd6 Nf5 68. Rd5 Ne3 69. Re5 Nd1 70. Re7+ Ka6 71. b4 Nc3+ 72.
Kb3 Nd5 73. bxa5 Nb4 74. Kxb4 bxa5+ 75. Ka4 Kb6 76. Re5 1-0

[Event "Early-Titled-Tuesday-Blitz-February-20-2024"]
[Site "Chess.com"]
[Date "2024.02.20"]
[Round "3"]
[White "soloderisas"]
[Black "NastyaHn"]
[Result "0-1"]
[WhiteElo "2604"]
[BlackElo "2429"]
[TimeControl "180+1"]
[EndTime "8:30:13 PST"]
[Termination "NastyaHn won by checkmate"]

1. d4 e6 2. Nf3 d5 3. Bf4 Nf6 4. e3 c5 5. c3 Nc6 6. Nbd2 Qb6 7. Rb1 cxd4 8. exd4 Bd7 9. Bd3 Be7 10. Ne5 O-O 11. h4 Nxe5 12. dxe5 Ne8 13. Bxh7+ Kxh7 14. Qh5+ Kg8 15.
Nf3 Bb5 16. Rd1 Qa6 17. Bg5 Bd8 18. Rh3 Bd3 19. Bxd8 Rxd8 20. Rg3 Bf5 21. Nd4 g6 22. Qg5 Ng7 23. h5 Rd7 24. h6 Ne8 25. h7+ Kh8 26.
Qh6 Ng7 27. Nf3 Qc4 28. Rd4 Qxa2 29. Rd2 Qb1+ 30. Ke2 Qe4+ 31. Kf1 Qc4+ 32. Kg1 Rdd8 33. Rd4 Qe2 34. Rg5 Be4 35. Rd2 Qc4 36. Nd4 Qa6 37. f3 Bf5 38. g4 Bb1 39. Rf2 Bd3 40. f4 Qa1+ 41. Kh2 Qe1 42. Qh4 Qe3 43. Qg3 Qxg3+ 44. Kxg3 b5 45. Nc6 Rd7 46. f5 exf5 47. gxf5 Nxf5+ 48. Kf4 Ng7 49. Rg3 Ne6+ 50. Ke3 Bf5 51.
Kd2 d4 52. Kc1 dxc3 53. Rxc3 Rc8 54. Rf1 Rdc7 55. Nb4 Rxc3+ 56. bxc3 Rxc3+ 57. Kd2 Rc4 58. Ra1 Kxh7 59. Na6 Rd4+ 60. Ke3 Kg7 61. Nc7 Re4+ 62. Kf3 Nxc7 63. Rxa7 Ne6 64. Rb7 Rxe5 65. Rb6 g5 66. Rb8 Kf6 67. Ra8 Rc5 68. Ra1 Rc3+ 69. Kg2 b4 70. Re1 b3 71. Rf1 b2 72. Kh1 Rc1 73.
Kh2 Rxf1 74. Kg3 Rg1+ 75. Kh2 Rg2+ 76. Kxg2 b1=Q 77. Kg3 Qd3+ 78. Kh2 Nf4 79. Kg1 Qe3+ 80. Kh1 Qf3+ 81. Kh2 Qg2# 0-1

[Event "Early-Titled-Tuesday-Blitz-February-20-2024"]
[Site "Chess.com"]
[Date "2024.02.20"]
[Round "3"]
[White "HanSchut"]
[Black "RantomOpening"]
[Result "1-0"]
[WhiteElo "2289"]
[BlackElo "2535"]
[TimeControl "180+1"]
[EndTime "8:30:13 PST"]
[Termination "HanSchut won by resignation"]

1. e4 c5 2. Nf3 e6 3. c4 Nc6 4. Nc3 Nf6 5. Be2 d5 6. exd5 exd5 7. d4 cxd4 8. Nxd4 Bc5 9. Nxc6 bxc6 10. cxd5 cxd5 11. Bg5 d4 12. Ne4 Bb4+ 13. Kf1 Be7 14.
Bf3 Nxe4 15. Bxe4 Ba6+ 16. Kg1 Rb8 17. Qa4+ Bb5 18. Bc6+ Bxc6 19. Qxc6+ Qd7 20. Qxd7+ Kxd7 21. Bxe7 Kxe7 22. b3 Rbc8 23. g3 Rc2 24. Kg2 Rhc8 25. Rad1 Rxa2 26. Rxd4 Rcc2 27. Rf4 f6 28. Re1+ Kf7 29. b4 h5 30. h4 Kg6 31. Rd1 Rc7 32.
Rd5 Rb7 33. b5 Rc7 34. Rff5 Rcc2 35. Rf4 Rcb2 36. Rff5 Ra5 37. Kg1 Rb1+ 38. Kg2 Ra2 39. Rf3 Rbb2 40. Rff5 Kh7 41. Rxh5+ Kg8 42. Rhf5 Kf7 43.
Rf4 Ke6 44. Rc5 Rc2 45. Rxc2 Rxc2 46. Ra4 Rb2 47. Rxa7 g6 48. Ra6+ Kf5 49. b6 g5 50.
hxg5 fxg5 51. Kf3 Rb3+ 52. Kg2 Kg4 53. Ra4+ Kh5 54. Ra6 g4 55. Ra5+ Kg6 56. Ra4 Kf5 57. Ra5+ Ke4 58. Ra4+ Kf5 59. Ra6 Rb2 60. Ra5+ Kf6 61.
Ra4 Kg5 62. Ra6 Kh6 63. b7+ Kh5 64. Ra5+ Kh6 65. Ra4 Kg5 66. Ra7 Rb6 67. Ra5+ Rb5 68. Rxb5+ Kf6 69. Rb4 Ke6 70. Rf4 Kd5 71. Rxg4 Kc6 72.
Rf4 Kxb7 73. g4 Kc6 74. g5 Kd6 75. Rf3 Ke5 76. g6 Ke4 77. g7 Ke5 78. g8=Q Ke4 79. Qg4+ Kd5 80. Rf5+ 1-0

[Event "Early-Titled-Tuesday-Blitz-February-20-2024"]
[Site "Chess.com"]
[Date "2024.02.20"]
[Round "3"]
[White "Lennis93"]
[Black "alexrustemov"]
[Result "1/2-1/2"]
[WhiteElo "2703"]
[BlackElo "2904"]
[TimeControl "180+1"]
[EndTime "8:30:14 PST"]
[Termination "Game drawn by repetition"]

1. d4 d5 2. c4 c6 3. Nf3 Nf6 4. Qc2 dxc4 5. e4 b5 6. b3 cxb3 7. axb3 e6 8. Bd3 Be7 9. O-O h6 10. Rd1 Bb7 11. Nc3 Na6 12. Qe2 Nb4 13. Bb1 a6 14. Bf4 Qb6 15. h3 Rd8 16. Be3 c5 17. e5 Nfd5 18. Nxd5 Nxd5 19. Bd2 cxd4 20. Ba5 Nc3 21.
Qd3 Qc5 22. Bxd8 Bxd8 23. Re1 Bb6 24. Nd2 a5 25. Qg3 Kf8 26. Ne4 Bxe4 27. Bxe4 Bc7 28. Bd3 g5 29. f4 gxf4 30. Qxf4 f5 31. Qh4 Qe7 32. Qxd4 Nd5 33. Kh1 b4 34. Bxf5 Bb6 35. Qd3 Kg7 36. Qg3+ Qg5 37. Qxg5+ hxg5 38. Bxe6 Ne3 39.
Bd7 Nc2 40. e6 Nxa1 41. Rxa1 Kf6 42. Rf1+ Ke7 43. Rf7+ Kd6 44. Rg7 Bd8 45. Rg6 Be7 46. Ba4 Rh4 47. Kh2 Rd4 48. Kg3 Rd2 49. Kf3 Ra2 50.
g3 Rxa4 51. bxa4 b3 52. Rg8 Kc7 53. Rg7 b2 54. Rxe7+ Kc6 55. Kg4 b1=Q 56. Kxg5 Kd6 57. Re8 Qb3 58. g4 Qxa4 59. Rf8 Kxe6 60. h4 Qb5+ 61. Rf5 Qb1 62. Rxa5 Qc1+ 63. Kh5 Qc8 64. Rf5 Qh8+ 65. Kg5 Qg8+ 66. Kf4 Qg7 67. h5 Qd4+ 68. Kg5 Qg7+ 69. Kh4 Qd4 70. h6 Qh8 71. Kg5 Qg8+ 72. Kh5 Qe8+ 73. Kg5 Qd8+ 74. Kg6 Qg8+ 75. Kh5 Qe8+ 76.
Kg5 Qd8+ 77. Kg6 Qg8+ 78. Kh5 1/2-1/2

[Event "Early-Titled-Tuesday-Blitz-February-20-2024"]
[Site "Chess.com"]
[Date "2024.02.20"]
[Round "3"]
[White "profedechess93"]
[Black "RCone"]
[Result "1-0"]
[WhiteElo "2654"]
[BlackElo "2439"]
[TimeControl "180+1"]
[EndTime "8:30:16 PST"]
[Termination "profedechess93 won on time"]

1. e4 d6 2. d4 Nf6 3. Nc3 g6 4. Bg5 Bg7 5. e5 Nfd7 6. exd6 cxd6 7. Qd2 Nf6 8. Bh6 O-O 9. O-O-O Nc6 10. h4 Bxh6 11.
Qxh6 Ng4 12. Qd2 e5 13. d5 Nd4 14. f3 Nf6 15. Nge2 Nxe2+ 16. Bxe2 Nh5 17. g4 Nf4 18. Ne4 h6 19. Kb1 Qc7 20. c4 b6 21. Rc1 Bb7 22. Bd1 Rac8 23. Bb3 a6 24. Ka1 Kg7 25. h5 Rh8 26. hxg6 fxg6 27. g5 hxg5 28. Nxg5 Qe7 29.
Rhg1 Rh5 30. Ne6+ Nxe6 31. dxe6 Qxe6 32. c5 d5 33. cxb6 Rhh8 34. Rce1 Qd6 35. Qg5 Rce8 36. Bc2 Rh6 37. Rh1 Rxh1 38. Rxh1 Rh8 39. Rxh8 Kxh8 40. Qh6+ Kg8 41. Qxg6+ Qxg6 42. Bxg6 Kg7 43. Bf5 Kf6 44.
Bg4 Kg5 45. Kb1 e4 46. Kc1 Kf4 47. Kd2 exf3 48. Bh3 d4 49. Bf1 a5 50. a3 Kg3 51.
Kd3 Ba6+ 52. Kxd4 Bb7 53. Ke3 a4 54. Bb5 Kg2 55. Be2 f2 56. Kd4 f1=Q 57. Bxf1+ Kxf1 58. Kc5 Ke2 59. Kb4 Bc6 60. Kc5 Bb7 61. Kb4 Bc6 62.
b7 Bxb7 63. Kxa4 Kd3 64. b4 Kc4 65. b5 Kc5 66. Ka5 Bc8 67. a4 Bd7 68. Ka6 Kd6 69.
b6 Kc6 70. b7 Kc7 71. Ka7 Bxa4 72. b8=Q+ 1-0

[Event "Early-Titled-Tuesday-Blitz-February-20-2024"]
[Site "Chess.com"]
[Date "2024.02.20"]
[Round "3"]
[White "Elsa167"]
[Black "Kildepiotr"]
[Result "1-0"]
[WhiteElo "2896"]
[BlackElo "2678"]
[TimeControl "180+1"]
[EndTime "8:30:22 PST"]
[Termination "Elsa167 won by resignation"]

1. d4 Nf6 2. c4 e6 3. Nf3 b6 4.
Bf4 Bb7 5. e3 Bb4+ 6. Nfd2 O-O 7. a3 Bxd2+ 8. Qxd2 d6 9. Nc3 Nbd7 10. f3 Qe7 11. e4 e5 12. Be3 exd4 13. Bxd4 Nc5 14. Qc2 d5 15. Bxf6 Qxf6 16. cxd5 c6 17. dxc6 Bxc6 18. Be2 Qh4+ 19. g3 Qh3 20. Kf2 Rad8 21.
Rad1 Ne6 22. Nd5 Bxd5 23. exd5 Nc5 24. b4 Nd7 25. f4 Nf6 26. Bf3 Rfe8 27. d6 h5 28. Qc4 Re6 29. Qf1 Qf5 30. Qd3 Qh3 31.
Bg2 Ng4+ 32. Kf3 Re3+ 33. Qxe3 Qxg2+ 34. Kxg2 Nxe3+ 35. Kf3 Nxd1 36. Rxd1 f5 37. Rd5 g6 38. d7 Kf7 39. Rd6 Ke7 40. Rxg6 Kxd7 41. Rg5 Ke6 42.
Ke3 h4 43. gxh4 Rc8 44. Kd3 b5 45. h5 Rd8+ 46. Ke3 Rc8 47. Kd4 Rc4+ 48. Ke3 Rc3+ 49. Kf2 Rxa3 50. Kg2 Rd3 51. h6 Rd8 52. Kg3 a5 53.
bxa5 b4 54. Rg6+ Kf7 55. Rb6 Rd5 56. a6 Ra5 57. Kh4 b3 58. Kg5 b2 59. Rb7+ Kg8 60.
Rxb2 Rxa6 61. h4 Ra5 62. Rb7 Kh8 63. Rf7 Ra6 64. h5 Rb6 65. Rf6 Rb1 66. Rf8+ Kh7 67.
Rf7+ Kh8 68. Kxf5 Ra1 69. Kg5 Rg1+ 70. Kf6 Ra1 71. f5 Ra6+ 72. Kg5 Ra1 73. Rb7 Rc1 74. Kg6 Rg1+ 75. Kf7 Kh7 76. f6 Ra1 77. Kf8+ Kh8 78. f7 Re1 79. Re7 1-0

[Event "Early-Titled-Tuesday-Blitz-February-20-2024"]
[Site "Chess.com"]
[Date "2024.02.20"]
[Round "3"]
[White "GrotBchess"]
[Black "Ishowmoves57"]
[Result "1/2-1/2"]
[WhiteElo "2373"]
[BlackElo "2145"]
[TimeControl "180+1"]
[EndTime "8:30:22 PST"]
[Termination "Game drawn - insufficient material"]

1. e4 c5 2. Nf3 Nc6 3. Bb5 g6 4. O-O Bg7 5. Re1 e5 6. c3 Nge7 7. d3 O-O 8. Be3 b6 9. d4 cxd4 10.
cxd4 d6 11. d5 Nb8 12. Nbd2 f5 13. Bg5 h6 14. Bxe7 Qxe7 15. Rc1 a6 16. Bf1 f4 17. Nc4 Nd7 18. Qb3 b5 19. Na5 Nc5 20. Qa3 Bd7 21. b4 Na4 22. Rc7 Rfc8 23. Rec1 Qe8 24. Nb7 Bf8 25. Nd2 Rxc7 26. Rxc7 Rc8 27. Qc1 Rxc7 28. Qxc7 Qc8 29. Qxc8 Bxc8 30. Na5 Kf7 31. f3 Be7 32. Bd3 Bd8 33. Nc6 Bb6+ 34. Kf1 Bb7 35. Ke2 Ke8 36. a3 Kd7 37. Bc2 Bxc6 38. dxc6+ Kxc6 39. Bxa4 bxa4 40. Nc4 Bc7 41. Kd3 Kb5 42. Nb2 Bb6 43. Nc4 Bc7 44.
Nd2 a5 45. bxa5 Bxa5 46. Nc4 Bc7 47. Nd2 Bb6 48. Nc4 Bc5 49. Kc3 Bd4+ 50. Kd3 Bc5 51.
h3 Kc6 52. Na5+ Kb5 53. Nc4 Kc6 54. Na5+ Kb6 55. Nc4+ Kb5 56. Kc3 Bd4+ 57. Kd3 Kc5 58. Na5 Bb2 59. Nc4 Bd4 60. Na5 d5 61. exd5 Kxd5 62.
Nc4 Bc5 63. Nb2 Bxa3 64. Nxa4 Bd6 65. Nc3+ Ke6 66. Ne4 Bb4 67. Kc4 Be7 68. Kb5 Kf5 69. Kc6 g5 70. Kd5 h5 71. Nf2 Bb4 72. Nd3 Bc3 73.
Nf2 Bd4 74. Ne4 g4 75. hxg4+ hxg4 76. Nd6+ Kg5 77. Nf7+ Kh4 78. Nxe5 gxf3 79. Nxf3+ Kg3 80. Kxd4 Kxg2 81. Ke4 Kg3 82. Ne5 f3 83. Nxf3 1/2-1/2

[Event "Early-Titled-Tuesday-Blitz-February-20-2024"]
[Site "Chess.com"]
[Date "2024.02.20"]
[Round "3"]
[White "BallottiLuca"]
[Black "Thjop"]
[Result "0-1"]
[WhiteElo "2429"]
[BlackElo "2644"]
[TimeControl "180+1"]
[EndTime "8:30:30 PST"]
[Termination "Thjop won by checkmate"]

1. d4 Nf6 2. c4 g6 3. Nf3 Bg7 4. Nc3 O-O 5. e4 d6 6. Be2 e5 7. O-O Nc6 8. d5 Ne7 9. b4 Ne8 10. c5 f5 11. Nd2 Nf6 12. f3 f4 13. Nc4 g5 14. a4 Ng6 15. Ba3 Rf7 16. b5 dxc5 17.
Bxc5 h5 18. a5 g4 19. b6 g3 20. Kh1 Bf8 21. d6 axb6 22. Bg1 bxa5 23. dxc7 Qxd1 24. Rfxd1 Rxc7 25. Nb5 Rc6 26. Nb6 Ra6 27. Rd8 Be6 28. Nd5 Nxd5 29. exd5 Rc8 30. Rxf8+ Nxf8 31. dxe6 Nxe6 32.
Rd1 Rac6 33. Rd6 Rxd6 34. Nxd6 Rc6 35. Nxb7 Rc1 36. hxg3 fxg3 37. Nxa5 Nf4 38. Ba6 h4 39. Bc4+ Kg7 40. Bb3 h3 41. gxh3 Nxh3 42. Kg2 Nxg1 43.
Nc4 Ne2 44. Nxe5 Kf6 45. Ng4+ Kg5 46. Ne3 Kf4 47. Nd5+ Ke5 48. Nb4 Rb1 49. Nd3+ Kd4 50. Bc2 Ra1 51. Nb4 Rg1+ 52. Kh3 Rh1+ 53. Kg4 g2 54. f4 g1=Q+ 55. Kf5 Nc3 56. Kf6 Kc5 57. Nd3+ Kd4 58. Ne5 Rh6+ 59. Kf7 Nd5 60. Nf3+ Kc3 61. Nxg1 Kxc2 62. Nf3 Nxf4 63. Kg7 Rh3 64. Nd4+ Kd3 65. Nf5 Rh1 66. Kf6 Rf1 67. Ke5 Ne2 68. Kf6 Nd4 69. Ke5 Rxf5+ 70. Kd6 Ke4 71. Kd7 Rf6 72. Kc7 Kd5 73.
Kc8 Kc6 74. Kd8 Re6 75. Kc8 Re8# 0-1

[Event "Early-Titled-Tuesday-Blitz-February-20-2024"]
[Site "Chess.com"]
[Date "2024.02.20"]
[Round "3"]
[White "IamSchrodingersCat"]
[Black "Preobrazhenska_D2011"]
[Result "1-0"]
[WhiteElo "2611"]
[BlackElo "2381"]
[TimeControl "180+1"]
[EndTime "8:30:31 PST"]
[Termination "IamSchrodingersCat won by resignation"]

1. e4 c5 2. Nf3 d6 3. d4 cxd4 4. Nxd4 Nf6 5. Nc3 a6 6. Be2 e5 7. Nb3 Be7 8. g4 h6 9. Be3 Be6 10. Bf3 b5 11. Qe2 Qc7 12. O-O-O b4 13. Nd5 Nxd5 14. exd5 Bc8 15. h4 a5 16. Kb1 a4 17.
Nc1 Ba6 18. Qd2 Qa5 19. Nd3 Nd7 20. Nxb4 Qc7 21. Nc6 Bb5 22. h5 a3 23. b3 Bxc6 24. dxc6 Nf6 25. g5 hxg5 26. Bxg5 Ra5 27. h6 gxh6 28.
Rxh6 Rxh6 29. Bxh6 Rc5 30. Be3 Rb5 31. Rh1 Bf8 32.
Rh8 Ke7 33. Bg5 Bg7 34. Rh7 Kf8 35. Rxg7 Kxg7 36. Bh6+ Kh7 37. Qg5 Ne8 38. Be4+ Kh8 39. Bf8 f5 40. Bxf5 Qf7 41. Bh6 Nf6 42. Bd3 Rc5 43. c7 Rxc7 44. Qf5 e4 45. Bxe4 Re7 46. Bd3 Re1+ 47. Bc1 Re5 48. Qf3 Kg7 49. Qg3+ Kf8 50. f4 Re6 51. Qf3 d5 52. Qf2 Ke7 53. Qc5+ Ke8 54. Qxa3 Rc6 55. Bb5 Qd7 56. Qa4 Ke7 57.
Bxc6 Qf5 58. Ba3+ Kf7 59. Bb5 Qh3 60. Bd3 Qf3 61. Bc1 Qd1 62. Qa7+ Ke6 63. Qd4 Ke7 64. Qe5+ Kf7 65. f5 Qg1 66. Qe6+ Kg7 67. a4 Qd4 68. Qe7+ Kg8 69. Qe3 Qb4 70. Bb2 Nd7 71. Qg5+ Kf7 72. Qg7+ Ke8 73. Qg8+ Ke7 74. Qe6+ Kd8 75. f6 Qe1+ 76.
Qxe1 Kc7 77. f7 1-0

[Event "Early-Titled-Tuesday-Blitz-February-20-2024"]
[Site "Chess.com"]
[Date "2024.02.20"]
[Round "3"]
[White "Karttunen"]
[Black "Durarbayli"]
[Result "0-1"]
[WhiteElo "2671"]
[BlackElo "2971"]
[TimeControl "180+1"]
[EndTime "8:30:37 PST"]
[Termination "Durarbayli won by resignation"]

1. e4 c5 2. Nf3 d6 3. d4 cxd4 4.
Nxd4 Nf6 5. Nc3 Nc6 6. Bg5 Qb6 7.
Nb3 e6 8. Be3 Qc7 9. Be2 a6 10.
a4 Be7 11. a5 O-O 12. Bb6 Qb8 13. O-O Nd7 14. Be3 b5 15. f4 Bb7 16. Bf3 Qd8 17. Qd2 Rc8 18. Kh1 Re8 19. Qf2 Bf8 20. Rfd1 Nb4 21. Nd4 Rc4 22. Be2 Rxd4 23. Bxd4 Nxc2 24. Rac1 Nxd4 25. Qxd4 Qxa5 26. b4 Qd8 27. Bf3 Nb6 28.
Be2 g6 29. e5 d5 30. Ne4 Be7 31. Nf6+ Bxf6 32. exf6 Nd7 33. Qa7 Qb8 34. Qd4 Qd8 35. Qa7 Qb8 36. Qd4 e5 37. fxe5 Rxe5 38. Bf3 Nxf6 39.
Qb6 Re6 40. Qc7 Qa8 41. h3 h5 42. Re1 Ne4 43. Bxe4 dxe4 44. Qd7 Bc6 45. Qd4 e3 46. Rc2 Re4 47. Qc5 Rc4 48. Rxc4 Bxg2+ 49. Kg1 bxc4 50. Qxe3 Bc6 51. Rc1 Qd8 52. Rxc4 Qd5 53. Rxc6 Qxc6 54. Qd4 Qb5 55. Kf2 Qf5+ 56. Kg3 Qe6 57. Qd8+ Kh7 58. Qd4 Qf5 59. Qb6 Qe6 60. Qc5 g5 61. Qxg5 Qd6+ 62. Kh4 Qxb4+ 63. Kxh5 Qd6 64. Qa5 Qg6+ 65.
Kh4 Kh6 66. Qd2+ Kg7 67. Qa5 Qf6+ 68. Kg3 Qd6+ 69. Kf3 Qc6+ 70. Kg4 Qb5 71. Qc3+ Kg6 72. Qc2+ f5+ 73. Kf4 Qb4+ 74. Ke5 Qe7+ 75. Kf4 Qd6+ 76. Kf3 a5 77. Qa4 Qe5 78. Qc6+ Kg5 79. Qc1+ Kg6 80. Qc6+ Kh5 81. Qc1 a4 82. Qd1 Qe4+ 83.
Kf2+ Kg5 84. Qg1+ Kf6 85. Qa1+ Kg6 86. Qb1 Qxb1 0-1

[Event "Early-Titled-Tuesday-Blitz-February-20-2024"]
[Site "Chess.com"]
[Date "2024.02.20"]
[Round "3"]
[White "Dubs123"]
[Black "HamedWafa4"]
[Result "1/2-1/2"]
[WhiteElo "2376"]
[BlackElo "2711"]
[TimeControl "180+1"]
[EndTime "8:30:43 PST"]
[Termination "Game drawn by repetition"]

1. b3 e5 2. Bb2 Nc6 3. e3 d5 4.
Bb5 Bd6 5. Nf3 f6 6. c4 Ne7 7. d4 e4 8. Nfd2 a6 9. Ba4 b5 10. cxb5 Nb4 11. O-O Nd3 12. Ba3 O-O 13. Qc2 axb5 14.
Bxd6 Qxd6 15. Bxb5 c6 16. Bxd3 exd3 17. Qc5 Qe6 18.
Nc3 Ng6 19. Na4 Ba6 20. Rfe1 Rac8 21. Qc3 Qg4 22. h3 Qf5 23. Nf3 Rc7 24. Nc5 Bc8 25.
Qxd3 Qh5 26. e4 dxe4 27. Rxe4 Bf5 28. Qc4+ Kh8 29. Re3 Nf4 30. Ne6 Nxe6 31. Rxe6 Bxe6 32. Qxe6 Re8 33. Qc4 Rcc8 34. Rc1 Qa5 35. a4 Qb6 36. b4 Rb8 37. Qxc6 Qxb4 38. d5 Qf4 39. Rc4 Qf5 40. Rc1 Red8 41. Nd4 Qxd5 42. Qxd5 Rxd5 43. Nc6 Rc8 44. Re1 Rc5 45. Na7 Ra8 46. Nb5 Rcc8 47.
Nd6 Rd8 48. Nf7+ Kg8 49. Nxd8 Rxd8 50. Ra1 Ra8 51. a5 Ra6 52. f3 Kf7 53. Kf2 Ke6 54. Ke3 Kd5 55. Kf4 g6 56. g4 Ke6 57. h4 h6 58. Kg3 Ke5 59. f4+ Ke4 60. Ra4+ Ke3 61.
f5 g5 62. hxg5 hxg5 63. Ra3+ Ke4 64. Ra1 Ke5 65. Kf3 Kd5 66. Ke3 Ke5 67. Ra4 Kd5 68. Ra1 Ke5 69. Kf3 Kd5 70. Ra2 Ke5 71. Re2+ Kd5 72. Re6 Rxa5 73. Rxf6 Ra3+ 74. Ke2 Ke5 75.
Rg6 Kf4 76. f6 Re3+ 77. Kf2 Rf3+ 78. Kg2 Rg3+ 79. Kh2 Rf3 80. f7 Kxg4 81. Rg7 Rf2+ 82. Kg1 Rf5 83. Kg2 Rf6 84. Kg1 Kh4 85. Kg2 g4 86.
Rh7+ Kg5 87. Rg7+ Kf4 88. Kf2 Rf5 89. Kg2 Rf6 90. Kf2 Rf5 91. Kg2 Rf6 1/2-1/2

[Event "Early-Titled-Tuesday-Blitz-February-20-2024"]
[Site "Chess.com"]
[Date "2024.02.20"]
[Round "3"]
[White "Bilan_Danila"]
[Black "paladin_ll"]
[Result "1/2-1/2"]
[WhiteElo "2481"]
[BlackElo "2221"]
[TimeControl "180+1"]
[EndTime "8:30:46 PST"]
[Termination "Game drawn by repetition"]

1. d4 Nf6 2. Nf3 c5 3. e3 cxd4 4. exd4 d5 5. Bd3 Nc6 6. c3 Bg4 7. h3 Bh5 8. Bf4 e6 9. Nbd2 Be7 10. O-O O-O 11. Re1 Bg6 12. Nf1 a6 13. a4 Rc8 14.
Ng3 Na5 15. Ne5 Bxd3 16. Qxd3 Nc4 17. Re2 Nxe5 18. Bxe5 Nd7 19. Bf4 Nf6 20. Rae1 Qd7 21. a5 Qb5 22. Qxb5 axb5 23. Ra1 Rc4 24. a6 bxa6 25. Rxa6 b4 26. Bd2 bxc3 27. bxc3 h6 28. Nf5 exf5 29. Rxe7 Ne4 30. Be3 Nxc3 31. Raa7 f4 32.
Bxf4 Rxd4 33. Be5 Rd1+ 34. Kh2 Ne4 35. f3 Ng5 36. h4 Nh7 37. Rad7 Nf6 38. Bxf6 gxf6 39.
Rd6 Kg7 40. Red7 Re8 41. Rxd5 Rb1 42. Rd2 Rb4 43. Kg3 Rc8 44. Re2 Rb5 45. Ree7 Rf8 46.
Rd4 Re5 47. Rb7 Rfe8 48. Rdd7 Rf8 49. Kg4 h5+ 50. Kf4 Re6 51. g4 hxg4 52. fxg4 Re1 53. Rb6 Rf1+ 54. Kg3 Rg1+ 55. Kh3 Rh1+ 56. Kg3 Rg1+ 57. Kf3 Rf1+ 58. Kg2 Rc1 59. Rdd6 Rc2+ 60. Kf3 Rc3+ 61. Kf2 Rc2+ 62. Ke3 Rc3+ 63. Ke4 Rc4+ 64.
Rd4 Rxd4+ 65. Kxd4 Re8 66. Rb4 Re1 67. Kd3 Rh1 68.
h5 Re1 69. Re4 Rf1 70. Ke3 Re1+ 71. Kf3 Rf1+ 72. Kg3 Rb1 73. Re3 Rb5 74. Rf3 Rc5 75. Kh4 Rb5 76. Rc3 Ra5 77. Kg3 Rb5 78. Rd3 Ra5 79.
Kf4 Ra4+ 80. Kf3 Ra5 81. Rd4 Rb5 82. Kf4 Ra5 83. Ke4 Rb5 84. Rd5 Rb1 85. Kf4 Rb4+ 86. Kg3 Rb3+ 87. Kh4 Rb4 88. Rc5 Ra4 89. Rf5 Rb4 90. h6+ Kxh6 91. Rxf6+ Kg7 92. Rc6 Ra4 93. Kg5 Ra5+ 94. Kh4 Rb5 95. g5 Rb1 96. Kh5 Rh1+ 97. Kg4 Rg1+ 98. Kf5 Rf1+ 99. Kg4 Rg1+ 100. Kf4 Rf1+ 101. Kg3 Rg1+ 102. Kh4 Rh1+ 103. Kg4 Rg1+ 1/2-1/2